 Dungeon Sprint DCSS version 0.23.2-1-ga50397a6bc (webtiles) character file.

Game seed: 11085001051832597754

7213 Morrissey the Bludgeoner (level 11, -2/76 HPs)
             Began as a Gargoyle Gladiator on Apr 20, 2019.
             Was the Champion of the Shining One.
             Hit by a large rock thrown by a cyclops (22 damage)
             ... in the Dungeon (Sprint VII: "The Pits").
             The game lasted 00:05:30 (1294 turns).

Morrissey the Bludgeoner (Gargoyle Gladiator)       Turns: 1294, Time: 00:05:30

Health: -2/76      AC: 31    Str: 20    XL:     11   Next: 11%
Magic:  12/18      EV:  9    Int: 13    God:    the Shining One [******]
Gold:   0          SH:  0    Dex: 11    Spells: 10/10 levels left

rFire    . . .     SeeInvis .   a - +2 morningstar (holy)
rCold    . . .     Gourm    .   (no shield)
rNeg     + + +     Faith    .   v - +3 plate armour
rPois    ∞         Spirit   .   c - +0 helmet
rElec    +         Reflect  .   (no cloak)
rCorr    .         Harm     .   (no gloves)
MR       .....     Rnd*Rage +   (no boots) Stlth ..........NoTele +
                                (no amulet)
HPRegen  0.22/turn              r - +3 ring of intelligence
MPRegen  0.16/turn              t - +3 ring of protection

@: glowing
A: berserk 1, negative energy resistance 1, electricity resistance, unbreathing,
petrification resistance, rot immunity, AC +8
a: Divine Shield, Cleansing Flame, Summon Divine Warrior, Brand Weapon With Holy
Wrath, Renounce Religion


You were in the Dungeon.
You worshipped the Shining One.
The Shining One was exalted by your worship.
You were not hungry.

You visited 1 branch

Inventory:

Hand Weapons
 a - a +2 morningstar of holy wrath (weapon)
 b - a +0 flail
 p - a +2 mace of protection
Missiles
 d - 3 throwing nets (quivered)
Armour
 c - a +0 helmet (worn)
 v - a +3 plate armour (worn)
Jewellery
 r - a +3 ring of intelligence (left hand)
 t - a +3 ring of protection (right hand)
Scrolls
 k - a scroll of blinking
 m - 3 scrolls of remove curse
 n - 5 scrolls of amnesia
 o - a scroll of summoning
Potions
 e - 8 potions of curing
 g - 12 potions of heal wounds
 h - a potion of haste
 i - 4 potions of magic
 j - a potion of berserk rage
 s - a potion of might
 u - a potion of resistance
Comestibles
 f - 8 rations


   Skills:
 + Level 12.4 Fighting
 * Level 15.6 Maces & Flails
 - Level 5.7 Throwing
 + Level 12.3 Armour
 - Level 7.0 Dodging
 + Level 10.6 Invocations


You had 10 spell levels left.
You didn't know any spells.
Your spell library was empty.

Dungeon Overview and Level Annotations

Branches:
Dungeon (1/1)

Altars:
Ashenzari
Cheibriados
Dithmenos
Elyvilon
Fedhas
Gozag
Hepliaklqana
Kikubaaqudgha
Makhleb
Nemelex Xobeh
Okawaru
Qazlal
Ru
Sif Muna
Trog
Uskayaw
Vehumet
Wu Jian
Xom
Yredelemnul
Zin
The Shining One
Beogh
Jiyva
Lugonu


Innate Abilities, Weirdness & Mutations

You are resistant to torment.
Your stone body is resilient. (AC +8)
You are immune to poison.
You resist negative energy. (rN+)
You are resistant to electric shocks. (rElec)
You can survive without breathing.
You are immune to petrification.
You are immune to rotting.
You tend to lose your temper in combat.


Message History

Your angel hits the ice devil with a +3 whip of holy wrath!
The ice devil convulses.
Your angel hits the ice devil but does no damage. x2
The gnoll barely misses your angel. The redback misses your angel.
The ice devil misses your angel.
Your angel hits the ice devil but does no damage. x2
The redback closely misses your angel. The gnoll barely misses your angel.
The ice devil hits your angel but does no damage.
Your angel hits the ice devil with a +3 whip of holy wrath!
The ice devil convulses!
Your angel hits the ice devil with a +3 whip of holy wrath.
The ice devil convulses.
The ice devil dies!
The Shining One accepts your kill.
The redback completely misses your angel.
Your angel hits the gnoll with a +3 whip of holy wrath!!
The gnoll dies!
The redback bites your angel.
The cyclops throws a large rock.
The large rock misses your angel. The large rock hits you!!
You die...

##### ##########
##########
...+..+...###........###.
...+..+.....##......# ...
..##..##.....##....# ..#
###....###†...#....#.s...
#........###.###..##.#.#.
†..#..#...#...)#..#sgg...
†.........÷....†@.A)Gg...
...#..#...#....#..#†C....
#........###.###..##.#.#.
###....###....#....#Zz...
..##..##.....##....##..#
..)'..+.....##......# ...
..÷'..+...###........###.
########## ##########


You could see a cyclops, an eye of draining, a redback, 3 gnolls and a friendly
angel.

Vanquished Creatures
  A death yak (D)
  A shadow wraith (D)
  A smoke demon (D)
  A komodo dragon (D)
  A kobold demonologist (D)
  2 freezing wraiths (D)
  A polar bear (D)
  5 redbacks (D)
  A fire bat (D)
  A tarantella (D)
  A ynoxinul (D)
  A basilisk (D)
  3 vampire mosquitoes (D)
  A warg (D)
  A soldier ant (D)
  A swamp drake (D)
  A sky beast (D)
  2 phantoms (D)
  3 wolves (D)
  A big kobold (D)
  A killer bee (D)
  A wight (D)
  5 orc wizards (D)
  4 orc priests (D)
  A quasit (D)
  A hound (D)
  An iguana (D)
  A worker ant (D)
  A river rat (D)
  An ufetubus (D)
  2 adder skeletons (D)
  A leopard gecko (D)
  6 orcs (D)
  A bat zombie (D)
  2 giant cockroaches (D)
  A goblin (D)
  A hobgoblin (D)
  4 jackals (D)
  A ball python (D)
  A kobold (D)
  2 rats (D)
69 creatures vanquished.

Vanquished Creatures (collateral kills)
  A death yak (D)
  An orange demon (D)
  An ice devil (D)
  A red devil (D)
  A merfolk (D)
  A hornet (D)
  A spriggan (D)
  A hungry ghost (D)
  A bullfrog (D)
  2 killer bees (D)
  2 wights (D)
  A gnoll (D)
14 creatures vanquished.

Vanquished Creatures (others)
  A swamp drake (D)
1 creature vanquished.

Grand Total: 84 creatures vanquished

Notes
Turn   | Place    | Note
-------+----------+-------------------------------------------
     0 | D        | Morrissey the Gargoyle Gladiator began the quest for the
                  | Orb.
     0 | D        | Reached XP level 1. HP: 12/12 MP: 1/1
    16 | D        | Found a bloodstained altar of Trog.
    16 | D        | Found a deep blue altar of Sif Muna.
    16 | D        | Found a viscous altar of Jiyva.
    16 | D        | Found a hazy altar of Hepliaklqana.
    16 | D        | Found an opulent altar of Gozag.
    17 | D        | Found a glowing golden altar of the Shining One.
    17 | D        | Found a glowing silver altar of Zin.
    17 | D        | Found a basalt altar of Yredelemnul.
    17 | D        | Found a shimmering altar of Xom.
    17 | D        | Found an ornate altar of the Wu Jian Council.
    17 | D        | Found a sacrificial altar of Ru.
    17 | D        | Found a stormy altar of Qazlal.
    17 | D        | Found an iron altar of Okawaru.
    17 | D        | Found a sparkling altar of Nemelex Xobeh.
    17 | D        | Found a burning altar of Makhleb.
    17 | D        | Found a blossoming altar of Fedhas.
    17 | D        | Found a white marble altar of Elyvilon.
    17 | D        | Found a shadowy altar of Dithmenos.
    17 | D        | Found a snail-covered altar of Cheibriados.
    19 | D        | Found a radiant altar of Vehumet.
    19 | D        | Found a corrupted altar of Lugonu.
    19 | D        | Found a roughly hewn altar of Beogh.
    20 | D        | Found a hide-covered altar of Uskayaw.
    20 | D        | Found an ancient bone altar of Kikubaaqudgha.
    20 | D        | Found a shattered altar of Ashenzari.
    22 | D        | Became a worshipper of the Shining One
    64 | D        | Reached * piety under the Shining One
    64 | D        | Reached skill level 1 in Armour
    82 | D        | Reached XP level 2. HP: 18/18 MP: 2/2
    85 | D        | Reached ** piety under the Shining One
    88 | D        | Reached skill level 4 in Maces & Flails
   102 | D        | Reached *** piety under the Shining One
   102 | D        | Reached XP level 3. HP: 19/23 MP: 3/3
   106 | D        | Reached skill level 5 in Maces & Flails
   193 | D        | Reached **** piety under the Shining One
   193 | D        | Noticed a phantom
   193 | D        | Reached ***** piety under the Shining One
   197 | D        | Reached XP level 4. HP: 16/29 MP: 4/4
   212 | D        | Reached skill level 6 in Maces & Flails
   217 | D        | Reached XP level 5. HP: 20/34 MP: 5/5
   221 | D        | Reached skill level 5 in Fighting
   225 | D        | Reached skill level 7 in Maces & Flails
   248 | D        | Reached skill level 5 in Armour
   252 | D        | Reached XP level 6. HP: 36/41 MP: 6/6
   273 | D        | Killed a phantom
   273 | D        | Reached skill level 8 in Maces & Flails
   273 | D        | Reached skill level 5 in Throwing
   273 | D        | Reached skill level 5 in Dodging
   285 | D        | Reached ****** piety under the Shining One
   390 | D        | Reached XP level 7. HP: 47/47 MP: 7/7
   394 | D        | Noticed a warg
   399 | D        | Killed a warg
   399 | D        | Reached skill level 9 in Maces & Flails
   399 | D        | Reached skill level 1 in Invocations
   429 | D        | Reached skill level 10 in Maces & Flails
   439 | D        | Noticed a fire bat
   439 | D        | Noticed a polar bear
   440 | D        | Noticed a shadow wraith
   445 | D        | Killed a polar bear
   445 | D        | Reached XP level 8. HP: 54/54 MP: 10/10
   451 | D        | Killed a shadow wraith
   451 | D        | Reached skill level 11 in Maces & Flails
   451 | D        | Reached skill level 5 in Invocations
   601 | D        | Reached XP level 9. HP: 60/60 MP: 13/13
   606 | D        | Reached skill level 12 in Maces & Flails
   731 | D        | Reached skill level 10 in Fighting
   765 | D        | Noticed a kobold demonologist
   772 | D        | Noticed a soul eater
   772 | D        | Gained mutation: You tend to lose your temper in combat. [a
                  | neqoxec]
   774 | D        | Killed a kobold demonologist
   774 | D        | Reached skill level 13 in Maces & Flails
   774 | D        | Reached skill level 10 in Armour
   945 | D        | Noticed a death yak
   946 | D        | Noticed a freezing wraith
   946 | D        | Noticed a smoke demon
   957 | D        | Noticed a freezing wraith
   963 | D        | Killed a death yak
   963 | D        | Reached XP level 10. HP: 32/68 MP: 16/16
   966 | D        | Reached skill level 14 in Maces & Flails
   970 | D        | Killed a smoke demon
  1208 | D        | Noticed an orange demon
  1208 | D        | Noticed a death yak
  1236 | D        | Reached skill level 15 in Maces & Flails
  1236 | D        | Reached skill level 10 in Invocations
  1239 | D        | Killed a death yak
  1240 | D        | Killed an orange demon
  1240 | D        | Reached XP level 11. HP: 19/76 MP: 10/18
  1267 | D        | Noticed a spriggan rider
  1275 | D        | Noticed a cyclops
  1294 | D        | Hit by a large rock thrown by a cyclops

Skill      XL: |  1  2  3  4  5  6  7  8  9 10 |
---------------+-------------------------------+-----
Throwing       | 2 3 4 5 |  5.7
Armour         | 1 2 3 4 5 6 7 8 10 12 | 12.3
Maces & Flails | 4 5 6 7 8 10 11 13 15 | 15.6
Fighting       | 3 4 5 6 8 9 10 12 | 12.4
Dodging        | 3 4 5 6 7 |  7.0
Invocations    | 3 5 8 10 | 10.6

Action                   |  1- 3 |  4- 6 |  7- 9 | 10-12 || total
-------------------------+-------+-------+-------+-------++-------
Melee: Flail             |    29 |       |       |       ||    29
       Mace              |     3 |    76 |    38 |       ||   117
       Morningstar       |       |       |    72 |    52 ||   124
Invok: Summon Divine War |       |       |       |     1 ||     1
  Use: Potion            |       |     1 |     3 |       ||     4
  Eat: Ration            |       |       |     1 |       ||     1
Armor: Leather armour    |    25 |       |       |       ||    25
       Scale mail        |       |    51 |    17 |       ||    68
       Plate armour      |       |       |    38 |    43 ||    81
Dodge: Dodged            |    40 |    47 |    47 |    20 ||   154
